[Event "Titled Tuesday Blitz June 07 Early 2022"]
[White "Agasarov, Benik"]
[Black "Svane, Rasmus"]
[WhiteFideId "13314823"]
[BlackFideId "4657101"]
[WhiteElo "2612"]
[BlackElo "2674"]
[Result "1/2-1/2"]
[Round "02"]
[TimeControl "180+1"]
[Date "2022.06.07"]
[WhiteClock "0:01:46"]
[BlackClock "0:00:32"]

1. d4 Nf6 2. c4 e6 3. Nc3 Bb4 4. Nf3 b6 5. e3 Ne4 6. Bd2 Bxc3 7. Bxc3 Nxc3 8. bxc3 Bb7 9. Bd3 d6 10. e4 Nd7 11. O-O O-O 12. Qe2 e5 13. Rab1 Qe7 14. a4 a5 15. c5 dxc5 16. d5 Nf6 17. Nd2 Ne8 18. Nc4 Nd6 19. Nxd6 Qxd6 20. c4 Bc8 21. Bc2 f5 22. f4 fxe4 23. fxe5 Rxf1+ 24. Rxf1 Qxe5 25. Bxe4 Qd4+ 26. Kh1 Bd7 27. Bxh7+ Kxh7 28. Qh5+ Kg8 29. Qf7+ Kh8 30. Qh5+ Kg8 31. Qf7+ Kh8 32. Qh5+ Kg8 1/2-1/2


[Site "https://www.chess.com"]

[Event "Titled Tuesday Blitz June 07 Early 2022"]
[White "Aggelis, Nikolaos"]
[Black "Aitbayev, Aslan"]
[WhiteFideId "4213220"]
[BlackFideId "13704613"]
[WhiteElo "2154"]
[BlackElo "2385"]
[Result "1/2-1/2"]
[Round "02"]
[TimeControl "180+1"]
[Date "2022.06.07"]
[WhiteClock "0:02:03"]
[BlackClock "0:00:20"]

1. d4 d6 2. g3 g6 3. Bg2 Bg7 4. Nf3 Nd7 5. O-O e5 6. dxe5 dxe5 7. e4 Ngf6 8. Nbd2 O-O 9. Re1 b6 10. Nc4 Qe7 11. b3 Rd8 12. Ba3 Qe8 13. Qe2 Bb7 14. Bb2 Nxe4 15. Nfxe5 Nxe5 16. Bxe5 Bxe5 17. Nxe5 Qxe5 18. Bxe4 Qxe4 19. Qxe4 Bxe4 20. Rxe4 Rd2 21. Rc4 c5 22. Re1 Kf8 23. a4 a5 24. Kf1 Rad8 25. Re2 Rd1+ 26. Kg2 R8d6 27. h4 h5 28. Rf4 R1d5 1/2-1/2


[Site "https://www.chess.com"]

[Event "Titled Tuesday Blitz June 07 Early 2022"]
[White "Alinasab, Mobina"]
[Black "Sjugirov, Sanan"]
[WhiteFideId "12528897"]
[BlackFideId "4189302"]
[WhiteElo "2031"]
[BlackElo "2602"]
[Result "1-0"]
[Round "02"]
[TimeControl "180+1"]
[Date "2022.06.07"]
[WhiteClock "0:00:05"]
[BlackClock "0:00:05"]

1. e4 c5 2. Nf3 d6 3. d4 cxd4 4. Nxd4 Nf6 5. Nc3 a6 6. h3 e5 7. Nde2 b5 8. Nd5 Nxd5 9. Qxd5 Ra7 10. Be3 Be6 11. Qd2 Rb7 12. Nc3 Nd7 13. Nd5 Be7 14. Nxe7 Kxe7 15. O-O-O Qc7 16. Kb1 Rc8 17. f4 exf4 18. Bxf4 Ne5 19. Bd3 Rb6 20. Rhf1 Rc6 21. Rf2 Kf8 22. g4 Kg8 23. g5 Qb6 24. Be3 Qd8 25. Bd4 Nxd3 26. Qxd3 d5 27. e5 Qxg5 28. h4 Qg6 29. Qxg6 hxg6 30. Kc1 Rc4 31. c3 b4 32. Kd2 bxc3+ 33. bxc3 Ra4 34. Ke3 Rb8 35. Rdd2 Rb1 36. Rb2 Re1+ 37. Rfe2 Rh1 38. Rh2 Re1+ 39. Rhe2 Rf1 40. Rf2 Rxf2 41. Rxf2 Kh7 42. Rb2 Ra3 43. Kf4 Kh6 44. Kg3 Kh7 45. Rf2 Ra4 46. Rb2 Rc4 47. Kf4 Rc8 48. Kg3 Re8 49. Rb6 a5 50. Ra6 Rb8 51. Rxa5 g5 52. hxg5 Kg6 53. Ra7 Rb1 54. a4 Kxg5 55. a5 Ra1 56. a6 Kf5 57. Ra8 Bd7 58. a7 Bc6 59. Rc8 Bb7 60. Rc7 Ba8 61. Rxf7+ Kg6 62. e6 Ra6 63. Rxg7+ Kf5 64. e7 Re6 65. Rg8 Bc6 66. a8=Q Bxa8 67. e8=Q Re7 68. Qxe7 1-0


[Site "https://www.chess.com"]

[Event "Titled Tuesday Blitz June 07 Early 2022"]
[White "Al-Tarboush, Ward"]
[Black "Demchenko, Anton"]
[WhiteFideId "7601450"]
[BlackFideId "4160258"]
[WhiteElo "2249"]
[BlackElo "2539"]
[Result "0-1"]
[Round "02"]
[TimeControl "180+1"]
[Date "2022.06.07"]
[WhiteClock "0:00:05"]
[BlackClock "0:00:13"]

1. e4 e5 2. Nf3 Nc6 3. Bb5 a6 4. Ba4 Nge7 5. O-O Ng6 6. c3 d6 7. d4 Bd7 8. Re1 Be7 9. Nbd2 O-O 10. Nf1 b5 11. Bb3 exd4 12. cxd4 Na5 13. Bc2 c5 14. Ng3 Nc6 15. Be3 Bg4 16. Nf5 cxd4 17. N5xd4 Nxd4 18. Qxd4 Bxf3 19. gxf3 Bf6 20. Qb4 Be5 21. h3 Qh4 22. Kg2 Qh5 23. Bd1 Nh4+ 24. Kf1 Nxf3 25. Bxf3 Qxf3 26. Rad1 Rac8 27. Qb3 Rc4 28. Rc1 Rxe4 29. Rc7 Qxh3+ 30. Ke2 Qg4+ 31. Kd2 Rb4 32. Qd5 Rxb2+ 33. Kc1 Qg6 34. Kd1 Qg4+ 35. f3 Qa4+ 36. Kc1 Rxa2 37. Bd4 Ra1+ 38. Kd2 Qa5+ 39. Bc3 Bxc3+ 40. Rxc3 Rxe1 41. Qb3 Re6 42. f4 Qb6 43. f5 Qf2+ 44. Kc1 Re1+ 45. Qd1 Rxd1+ 46. Kxd1 Qxf5 0-1


[Site "https://www.chess.com"]

[Event "Titled Tuesday Blitz June 07 Early 2022"]
[White "Baches Garcia, Guillermo"]
[Black "Polster, Christian"]
[WhiteFideId "2209764"]
[BlackFideId "12965081"]
[WhiteElo "2524"]
[BlackElo "2292"]
[Result "1-0"]
[Round "02"]
[TimeControl "180+1"]
[Date "2022.06.08"]
[WhiteClock "0:00:13"]
[BlackClock "0:00:18"]

1. e4 c5 2. Nf3 d6 3. d4 cxd4 4. Nxd4 Nf6 5. Nc3 a6 6. Bd3 e5 7. Nde2 Be7 8. O-O O-O 9. Ng3 Be6 10. Nd5 Nbd7 11. c4 Nc5 12. Bc2 b5 13. b4 Ncd7 14. cxb5 axb5 15. Bb3 Bxd5 16. Bxd5 Nxd5 17. Qxd5 Rb8 18. Be3 Nf6 19. Qb3 d5 20. exd5 Qxd5 21. Nf5 Rfe8 22. Nxe7+ Rxe7 23. Qxd5 Nxd5 24. Bc5 Re6 25. Rfd1 Nc3 26. Rd7 h5 27. h4 g6 28. a3 Kg7 29. Kf1 Kf6 30. f3 Rc6 31. Rc1 Na4 32. Rd6+ Rxd6 33. Bxd6 Rb6 34. Bc7 Ra6 35. Re1 Re6 36. Rc1 Kf5 37. Kf2 f6 38. Rc2 g5 39. hxg5 Kxg5 40. Bb8 Ra6 41. Bd6 Nb6 42. Rc6 Rxa3 43. Rxb6 Ra2+ 44. Kg3 h4+ 45. Kh2 Kf4 46. Be7 f5 47. Bxh4 e4 48. fxe4 fxe4 49. Rxb5 e3 50. Bg3+ Ke4 51. Re5+ Kd4 52. b5 Rb2 53. Kh3 e2 54. Kg4 Kd3 55. Re6 Rb4+ 56. Kf3 Rb2 57. Re3+ Kc4 58. Rxe2 Rxe2 59. Kxe2 Kxb5 60. Ke3 Kc6 61. Kf4 Kd7 62. Kg5 Ke8 63. Kh6 Kf7 64. Bh4 Kg8 65. g4 Kh8 66. g5 Kg8 67. g6 Kh8 68. g7+ Kg8 69. Bg3 Kf7 70. Kh7 Kf6 71. g8=Q Kf5 72. Bh2 Ke4 73. Qg5 Kf3 74. Qf4+ Ke2 75. Qg3 Kd2 76. Qf3 Kc2 77. Qe3 Kb2 78. Qd3 Ka2 79. Qc3 Kb1 80. Qd2 Ka1 81. Be5+ Kb1 82. Qb2# 1-0


[Site "https://www.chess.com"]

[Event "Titled Tuesday Blitz June 07 Early 2022"]
[White "Dounis, Alexandros"]
[Black "Zahedifar, Anahita"]
[WhiteFideId "4213238"]
[BlackFideId "12560715"]
[WhiteElo "2204"]
[BlackElo "1993"]
[Result "0-1"]
[Round "02"]
[TimeControl "180+1"]
[Date "2022.06.08"]
[WhiteClock "0:00:01"]
[BlackClock "0:00:08"]

1. Nf3 d5 2. g3 Nf6 3. Bg2 Bf5 4. O-O e6 5. b3 c5 6. Bb2 Be7 7. d4 Nc6 8. c4 dxc4 9. bxc4 O-O 10. e3 Rc8 11. Nbd2 Nb4 12. Ne5 Qc7 13. e4 cxd4 14. Bxd4 Bg6 15. Nxg6 hxg6 16. Qb3 Nc6 17. Bc3 Bc5 18. Rac1 Rfd8 19. h3 Bd4 20. Rfd1 Bc5 21. e5 Nd7 22. Ne4 Ncxe5 23. Bxe5 Nxe5 24. Nxc5 Qxc5 25. Qxb7 Rb8 26. Rxd8+ Rxd8 27. Qb5 Qa3 28. Rb1 Nf3+ 29. Bxf3 Qxf3 30. Qa5 Rd4 31. Qxa7 Rxc4 32. a4 Rc2 33. Qb8+ Kh7 34. Qb6 Ra2 35. a5 Qd3 36. Qb5 Qa3 37. a6 Qxa6 38. Qxa6 Rxa6 39. Kg2 Ra2 40. Rb8 g5 41. Rb5 Kg6 42. Rb4 f5 43. h4 gxh4 44. Rxh4 Kf6 45. Rb4 g5 46. Rb8 Ke5 47. Rb5+ Kf6 48. Rb6 f4 49. Rb4 e5 50. Rb6+ Kf5 51. Rb8 Kg4 52. Rb3 e4 53. gxf4 gxf4 54. Rb1 e3 55. Kg1 Rxf2 56. Rb8 Rc2 57. Rb1 f3 58. Kh1 e2 59. Rg1+ Kf4 60. Ra1 f2 61. Kh2 e1=Q 62. Ra4+ Ke5 63. Rg4 f1=Q+ 64. Rg2 Qxg2# 0-1


[Site "https://www.chess.com"]

[Event "Titled Tuesday Blitz June 07 Early 2022"]
[White "Dubov, Daniil"]
[Black "Hua, Lefong"]
[WhiteFideId "24126055"]
[BlackFideId "2602253"]
[WhiteElo "2791"]
[BlackElo "2627"]
[Result "1-0"]
[Round "02"]
[TimeControl "180+1"]
[Date "2022.06.07"]
[WhiteClock "0:00:11"]
[BlackClock "0:00:05"]

1. c4 Nf6 2. Nc3 g6 3. e4 d6 4. d4 Bg7 5. f4 O-O 6. Nf3 c5 7. d5 e6 8. dxe6 fxe6 9. g3 Nc6 10. Bg2 e5 11. fxe5 dxe5 12. Qxd8 Rxd8 13. Bg5 Bg4 14. Nd5 Bxf3 15. Bxf3 Rd6 16. O-O Nd4 17. Kg2 Rf8 18. Rf2 Ne6 19. Be3 Nd4 20. Raf1 h5 21. b4 Nxd5 22. exd5 cxb4 23. c5 Rdf6 24. Bxd4 exd4 25. d6 Rf5 26. d7 Rxc5 27. Bxb7 Rd8 28. Bc8 Rcxc8 29. dxc8=Q Rxc8 30. Kf3 Rc3+ 31. Ke4 Re3+ 32. Kd5 a5 33. Rf3 Re2 34. R1f2 Re1 35. Kc4 Rb1 36. Kb5 Ra1 37. Kxa5 Rb1 38. Rb3 Rxb3 39. axb3 Bf8 40. Kb5 Be7 41. Kc4 Bd6 42. Kxd4 Bc7 43. Kd5 Bd8 44. Kc4 Be7 45. Re2 Bf8 46. Re8 Kf7 47. Rxf8+ Kxf8 48. Kxb4 1-0


[Site "https://www.chess.com"]

[Event "Titled Tuesday Blitz June 07 Early 2022"]
[White "Durarbayli, Vasif"]
[Black "Prokofiev, Valentyn"]
[WhiteFideId "13402935"]
[BlackFideId "14160161"]
[WhiteElo "2528"]
[BlackElo "2142"]
[Result "1-0"]
[Round "02"]
[TimeControl "180+1"]
[Date "2022.06.07"]
[WhiteClock "0:00:10"]
[BlackClock "0:00:03"]

1. e4 e5 2. Nf3 Nc6 3. Bc4 Nf6 4. d3 h6 5. a4 d6 6. Nc3 g5 7. Nd5 Nxd5 8. Bxd5 Bg7 9. a5 a6 10. c3 Ne7 11. Ba2 c6 12. Be3 Bg4 13. h3 Be6 14. Nd2 d5 15. Bb6 Qd7 16. Nb3 O-O 17. Nc5 Qc8 18. h4 g4 19. h5 f5 20. Qe2 Bf7 21. O-O-O f4 22. Rh4 f3 23. gxf3 gxf3 24. Qd2 Kh7 25. Rg1 Bf6 26. Rhg4 Bxh5 27. R4g3 Ng6 28. exd5 Bh4 29. d6 Bxg3 30. Rxg3 Qf5 31. d7 Nf4 32. Kb1 Bg6 33. Rxf3 Qg5 34. Rg3 Qf5 35. Bc4 h5 36. Qe3 h4 37. Rg1 h3 38. Rh1 Qg4 39. Qg3 Qxg3 40. fxg3 Nh5 41. Rxh3 Kg7 42. Ne6+ Kf6 43. Nxf8 1-0


[Site "https://www.chess.com"]

[Event "Titled Tuesday Blitz June 07 Early 2022"]
[White "Ezat, Mohamed"]
[Black "Qiao, Cindy"]
[WhiteFideId "10600906"]
[BlackFideId "2620243"]
[WhiteElo "2386"]
[BlackElo "2319"]
[Result "1/2-1/2"]
[Round "02"]
[TimeControl "180+1"]
[Date "2022.06.08"]
[WhiteClock "0:00:06"]
[BlackClock "0:00:04"]

1. d4 d5 2. c4 e6 3. Nc3 Nf6 4. cxd5 exd5 5. Bf4 Nbd7 6. e3 c6 7. Bd3 Be7 8. Nf3 O-O 9. Qc2 h6 10. h3 a5 11. g4 Re8 12. O-O-O b5 13. g5 b4 14. gxf6 bxc3 15. fxe7 cxb2+ 16. Qxb2 Qxe7 17. Rdg1 Kh8 18. Qc3 Ba6 19. Bxa6 Rxa6 20. Kd2 Nf6 21. Ke2 Rb6 22. Rb1 Ne4 23. Qd3 Rb4 24. a3 Rb7 25. Rxb7 Qxb7 26. Rc1 Rc8 27. Ne5 f6 28. Nc4 Qf7 29. Nd6 Qh5+ 30. f3 Rf8 31. Nxe4 dxe4 32. Qxe4 Qxh3 33. Rf1 Rc8 34. Qg6 c5 35. d5 c4 36. Rg1 Rg8 37. d6 c3 38. d7 Qxd7 39. Qd3 Qh3 40. Kd1 Re8 41. Kc2 Qxf3 42. Qg6 Qf2+ 43. Kxc3 Re7 44. Bxh6 Rc7+ 45. Kd4 Qd2+ 46. Ke4 Re7+ 47. Kf3 Qd5+ 48. Kg3 gxh6 49. Qxh6+ Kg8 50. Kf4+ Kf7 51. Rg7+ Ke6 52. Qh3+ Kd6 53. Rxe7 Kxe7 54. Qf5 Qc4+ 55. e4 Qc1+ 56. Kg4 Qg1+ 57. Kh5 Qh2+ 58. Kg6 Qg3+ 59. Kh7 Qh4+ 60. Kg7 Qg3+ 61. Kh6 Qh4+ 62. Kg6 Qg3+ 63. Kh5 Qh2+ 64. Kg4 Qg2+ 65. Kf4 Qf2+ 66. Kg4 Qg2+ 67. Kh5 Qh2+ 1/2-1/2


[Site "https://www.chess.com"]

[Event "Titled Tuesday Blitz June 07 Early 2022"]
[White "Fajdetic, Hrvoje"]
[Black "Jain, Naveen"]
[WhiteFideId "14501945"]
[BlackFideId "5003970"]
[WhiteElo "2172"]
[BlackElo "2036"]
[Result "0-1"]
[Round "02"]
[TimeControl "180+1"]
[Date "2022.06.08"]
[WhiteClock "0:00:13"]
[BlackClock "0:00:07"]

1. b3 Nf6 2. Bb2 g6 3. g3 Bg7 4. Bg2 O-O 5. f4 d6 6. Nf3 Nc6 7. d3 e5 8. fxe5 Ng4 9. O-O Ne3 10. Qc1 Nxf1 11. Kxf1 Nxe5 12. e4 Nxf3 13. Bxf3 Bh3+ 14. Bg2 Bxg2+ 15. Kxg2 f5 16. Bxg7 Kxg7 17. Nc3 fxe4 18. Nxe4 d5 19. Qb2+ Kg8 20. Nd2 Qf6 21. Qxf6 Rxf6 22. Re1 Raf8 23. Re2 c6 24. a4 Kf7 25. a5 Re8 26. Rxe8 Kxe8 27. Nf3 Ke7 28. Kf2 Kd6 29. d4 c5 30. Ke3 Re6+ 31. Kd3 h6 32. dxc5+ Kxc5 33. c3 b6 34. axb6 axb6 35. Nd4 Rf6 36. Ke2 b5 37. Nc2 Ra6 38. Kd3 Rf6 39. b4+ Kd6 40. Nd4 Rf1 41. Nxb5+ Ke5 42. Nd4 Rh1 43. h4 Rh3 44. Ne2 Rh1 45. Nf4 g5 46. hxg5 hxg5 47. Ne2 g4 48. Ke3 Rf1 49. Nd4 Re1+ 50. Kd2 Rg1 51. Ne2 Ra1 52. Kd3 Ra2 53. Nf4 Rf2 54. Ne2 Rf3+ 55. Kd2 Ke4 56. b5 Rf8 57. Nd4 Rb8 58. Ke2 Ra8 59. Kd2 Ra2+ 60. Kc1 Kd3 61. b6 Ra6 62. b7 Rb6 63. Ne6 Kxc3 64. Nc5 Kc4 65. Na4 Rxb7 66. Nb2+ Rxb2 67. Kxb2 Kd3 68. Kc1 Ke2 69. Kc2 d4 70. Kb3 d3 71. Kc4 d2 72. Kd4 d1=Q+ 73. Ke4 Qd3+ 74. Kf4 Qf3+ 75. Kg5 Qxg3 76. Kh5 Qf3 77. Kh4 g3 78. Kh3 g2+ 79. Kh2 Qe3 80. Kxg2 Qg5+ 81. Kh3 Kf2 82. Kh2 Qh4# 0-1


[Site "https://www.chess.com"]

[Event "Titled Tuesday Blitz June 07 Early 2022"]
[White "Fecker, Noah"]
[Black "Chigaev, Maksim"]
[WhiteFideId "1334263"]
[BlackFideId "4108116"]
[WhiteElo "2312"]
[BlackElo "2457"]
[Result "0-1"]
[Round "02"]
[TimeControl "180+1"]
[Date "2022.06.07"]
[WhiteClock "0:00:12"]
[BlackClock "0:00:13"]

1. Nf3 Nf6 2. c4 g6 3. g3 Bg7 4. Bg2 O-O 5. O-O c5 6. Nc3 Nc6 7. a3 d5 8. cxd5 Nxd5 9. Nxd5 Qxd5 10. d3 Qh5 11. Qc2 b6 12. Bd2 Bh3 13. Bc3 e5 14. Rac1 Rac8 15. Rfd1 Bxg2 16. Kxg2 Qg4 17. Qd2 Rfd8 18. h3 Qa4 19. Qe3 Nd4 20. Bxd4 exd4 21. Qf4 Re8 22. Re1 h6 23. h4 Qb3 24. Qd2 Qd5 25. b4 c4 26. dxc4 Rxc4 27. Rxc4 Qxc4 28. Qd3 b5 29. Kf1 a6 30. Rd1 Qd5 31. Rc1 Qe6 32. Rc2 Rd8 33. Kg2 Bf6 34. Rc5 Kg7 35. h5 g5 36. Nd2 Re8 37. Kf1 Qg4 38. Qf3 Qh3+ 39. Kg1 Qe6 40. Rc6 Qe5 41. Rc5 Qxe2 42. Qxe2 Rxe2 43. Nb3 Ra2 44. Rc6 d3 45. Rd6 Rxa3 46. Rxd3 Be7 47. Nc5 Rxd3 48. Nxd3 Kf6 49. Kf1 Ke6 50. Ke2 Kd5 51. Kd2 Kd4 52. Kc2 f5 53. f3 Bd6 54. g4 fxg4 55. fxg4 Ke4 56. Kc3 Kf3 57. Kd4 Kxg4 0-1


[Site "https://www.chess.com"]

[Event "Titled Tuesday Blitz June 07 Early 2022"]
[White "Gil Alba, Hector Luis"]
[Black "Loef, Dirk"]
[WhiteFideId "3504670"]
[BlackFideId "4646851"]
[WhiteElo "2331"]
[BlackElo "2213"]
[Result "0-1"]
[Round "02"]
[TimeControl "180+1"]
[Date "2022.06.08"]
[WhiteClock "0:00:40"]
[BlackClock "0:00:21"]

1. e4 e6 2. d4 d5 3. Nd2 dxe4 4. Nxe4 Nf6 5. Nxf6+ gxf6 6. Nf3 Bd7 7. g3 Bc6 8. Bg2 Be4 9. O-O Qd5 10. Re1 f5 11. b3 Bb4 12. c4 Qa5 13. Bd2 Bxd2 14. Qxd2 Qxd2 15. Nxd2 Bxg2 16. Kxg2 Nc6 17. d5 O-O-O 18. dxc6 Rxd2 19. cxb7+ Kxb7 20. Kf1 Rhd8 21. Re2 Rd1+ 22. Rxd1 Rxd1+ 23. Kg2 Kb6 24. h3 h5 25. f3 Kc5 26. g4 hxg4 27. fxg4 fxg4 28. hxg4 Kd4 29. Rf2 f5 30. g5 Ke5 31. Re2+ Kf4 32. g6 e5 33. g7 Rd8 34. Kh3 Rg8 35. Rg2 e4 36. Kh4 e3 37. Kh5 Kf3 38. Rg5 f4 39. Kg6 e2 40. Re5 Kf2 41. Kf7 Rxg7+ 42. Kxg7 e1=Q 43. Rf5 f3 44. Rf7 a5 45. Kf8 Qe5 46. a3 Ke2 47. b4 axb4 48. axb4 f2 49. c5 f1=Q 50. Rxf1 Kxf1 51. c6 Ke2 52. b5 Kd3 53. b6 cxb6 54. c7 Qxc7 0-1


[Site "https://www.chess.com"]

[Event "Titled Tuesday Blitz June 07 Early 2022"]
[White "Grigorov, Grigor"]
[Black "Alvarado Diaz, Alejandro"]
[WhiteFideId "2907313"]
[BlackFideId "2276119"]
[WhiteElo "2510"]
[BlackElo "2438"]
[Result "0-1"]
[Round "02"]
[TimeControl "180+1"]
[Date "2022.06.07"]
[WhiteClock "0:00:08"]
[BlackClock "0:00:19"]

1. d4 d5 2. c4 e6 3. Nf3 Nf6 4. g3 Be7 5. Bg2 O-O 6. O-O c6 7. Qc2 b6 8. Rd1 Bb7 9. Nbd2 Na6 10. a3 Rc8 11. e4 Qe8 12. b3 c5 13. exd5 exd5 14. Bb2 b5 15. Re1 bxc4 16. dxc5 Ne4 17. b4 f5 18. Nd4 Qd7 19. Nxe4 fxe4 20. f3 exf3 21. Bxf3 Bf6 22. Qg2 Nc7 23. Rad1 Rce8 24. h3 Rxe1+ 25. Rxe1 Re8 26. Rxe8+ Qxe8 27. Qf2 a5 28. Kg2 axb4 29. axb4 Qa4 30. Qd2 Qa2 31. Kf2 c3 32. Qxc3 Nb5 33. Qb3 Bxd4+ 0-1


[Site "https://www.chess.com"]

[Event "Titled Tuesday Blitz June 07 Early 2022"]
[White "Grischuk, Alexander"]
[Black "Saveliev, Alexei"]
[WhiteFideId "4126025"]
[BlackFideId "24128546"]
[WhiteElo "2762"]
[BlackElo "2281"]
[Result "1-0"]
[Round "02"]
[TimeControl "180+1"]
[Date "2022.06.07"]
[WhiteClock "0:00:10"]
[BlackClock "0:00:01"]

1. d4 g6 2. e4 Bg7 3. Nf3 d6 4. Bd3 Nc6 5. O-O Bg4 6. c3 Nf6 7. Nbd2 O-O 8. h3 Bd7 9. Nc4 Ne8 10. Re1 e5 11. Bg5 f6 12. Be3 Kh8 13. a4 a5 14. Qd2 Ne7 15. Qc2 Be6 16. b4 axb4 17. cxb4 d5 18. exd5 Nxd5 19. Bd2 Nd6 20. dxe5 Nxc4 21. Bxc4 fxe5 22. Nxe5 Qh4 23. Re2 Rxf2 24. Rxf2 Bxe5 25. Bxd5 Bxd5 26. Bc3 Qg3 27. Bxe5+ Qxe5 28. Raf1 Kg7 29. a5 Re8 30. Qc5 c6 31. Rd2 Qe4 32. Qd4+ Qxd4+ 33. Rxd4 Re2 34. Rf2 Re1+ 35. Kh2 Rb1 36. h4 h5 37. Kg3 Rb3+ 38. Kh2 Rb1 39. Rdf4 Rc1 40. Re2 Kh6 41. Rd4 Rf1 42. Re7 Rf2 43. Rxd5 cxd5 44. Rxb7 d4 45. Rd7 Rd2 46. a6 Ra2 47. b5 Ra5 48. Rxd4 Rxb5 49. Ra4 Rb8 50. a7 Ra8 51. Kg3 Kg7 52. Kf4 Rf8+ 53. Ke4 Ra8 54. Kd5 Kf6 55. Kc6 g5 56. g3 gxh4 57. gxh4 Kf5 58. Kb7 Rg8 59. a8=Q Rxa8 60. Kxa8 1-0


[Site "https://www.chess.com"]

[Event "Titled Tuesday Blitz June 07 Early 2022"]
[White "Gu, Xiaobing"]
[Black "Cervantes Landeiro, Thalia"]
[WhiteFideId "8602611"]
[BlackFideId "3520498"]
[WhiteElo "2174"]
[BlackElo "2042"]
[Result "1-0"]
[Round "02"]
[TimeControl "180+1"]
[Date "2022.06.08"]
[WhiteClock "0:00:10"]
[BlackClock "0:00:13"]

1. e4 c5 2. Nf3 d6 3. Bb5+ Nd7 4. c4 Nf6 5. Nc3 g6 6. d4 cxd4 7. Nxd4 Bg7 8. O-O O-O 9. Ba4 Nc5 10. Bc2 a5 11. Be3 Ng4 12. Bg5 h6 13. Bh4 Ne5 14. b3 a4 15. Rb1 axb3 16. axb3 Qa5 17. Nd5 e6 18. Ne7+ Kh8 19. b4 Qc7 20. bxc5 g5 21. cxd6 Qxd6 22. Nxc8 Raxc8 23. Bg3 Rxc4 24. Nb5 Qc5 25. Bxe5 Bxe5 26. Bd3 Rb4 27. Rxb4 Qxb4 28. Qe2 Rd8 29. g3 Qb3 30. Bc2 Qb2 31. Rb1 Qa2 32. Rd1 Rc8 33. Bd3 Qa4 34. Qh5 Kg7 35. f4 gxf4 36. Qxe5+ f6 37. Qxe6 Qxd1+ 38. Bf1 Rc1 39. Qe7+ Kg6 40. Qe8+ Kg5 41. Qg8+ Kh5 42. Qf7+ Kg4 43. Qg6+ Kf3 44. Qh5+ Ke3 45. Qxd1 Rxd1 46. gxf4 Kxe4 47. Kf2 Kxf4 48. Bg2 Rd2+ 49. Kf1 Rb2 50. Nc3 b5 51. Nd5+ Ke5 52. Nb6 Rb1+ 53. Ke2 Kd4 54. Nd7 b4 55. Nxf6 Rb2+ 56. Kf1 b3 57. Be4 Ra2 58. Bf5 b2 59. Ng4 Ra1+ 60. Kg2 h5 61. Nf6 Ra5 62. Bh7 Ke5 63. Nxh5 Kd4 64. Ng3 Rg5 65. h4 Rg7 66. Bf5 Rf7 67. Bg6 Rf6 68. Bh7 Rh6 69. Nf5+ Ke5 70. Nxh6 Kf4 71. Kh3 Kf3 72. h5 Kf4 73. Kh4 Ke5 74. Ng8 Ke6 75. Kg5 Kf7 76. h6 Kf8 77. Nf6 Kf7 78. Bb1 Kf8 79. Kg6 Ke7 80. h7 Ke6 81. h8=Q Ke5 82. Qe8+ Kd4 83. Qe4+ Kc3 84. Nd5+ Kd2 85. Qd3+ Kc1 86. Qc2# 1-0


[Site "https://www.chess.com"]

[Event "Titled Tuesday Blitz June 07 Early 2022"]
[White "Guzman, Christopher"]
[Black "Paravyan, David"]
[WhiteFideId "6405096"]
[BlackFideId "4194985"]
[WhiteElo "2244"]
[BlackElo "2569"]
[Result "1/2-1/2"]
[Round "02"]
[TimeControl "180+1"]
[Date "2022.06.07"]
[WhiteClock "0:00:20"]
[BlackClock "0:00:06"]

1. e4 e5 2. Nf3 Nf6 3. Nxe5 d6 4. Nf3 Nxe4 5. c3 d5 6. Bd3 Nc6 7. O-O Be7 8. Re1 O-O 9. Bc2 Bg4 10. d3 Ng5 11. Bxg5 Bxg5 12. h3 Bxf3 13. Qxf3 d4 14. c4 Qd6 15. a3 Rae8 16. Qd1 a5 17. Rxe8 Rxe8 18. Ba4 Qh6 19. Bxc6 bxc6 20. b4 axb4 21. axb4 Qd6 22. c5 Qf4 23. Na3 Qd2 24. Qxd2 Bxd2 25. Nc2 Rb8 26. Kf1 Bc3 27. Ra7 Kf8 28. Rxc7 Bxb4 29. Nxb4 Rxb4 30. Rxc6 Rb2 31. Rd6 Rc2 32. Rxd4 Rxc5 33. Ke2 Rc2+ 34. Ke3 h5 35. g4 hxg4 36. hxg4 Ke7 37. Rc4 Ra2 38. f4 Rg2 39. Kf3 Rg1 40. Rc7+ Kf6 41. g5+ Ke6 42. Rc6+ Kd5 43. Rc7 Ke6 44. Rc5 Rf1+ 45. Ke4 Re1+ 46. Kd4 Rf1 47. Re5+ Kd6 48. Re4 Rf3 49. Kc4 f5 50. Rd4+ Kc6 51. Kc3 Rf2 52. Ra4 Kb5 53. Rc4 g6 54. Rd4 Kc5 55. Rc4+ Kb5 56. Rb4+ Kc5 57. Ra4 Kb5 58. Rc4 Kb6 59. Kb4 Rb2+ 60. Kc3 Rf2 61. Rd4 Kc5 62. Ra4 Kb5 63. Rc4 Kb6 1/2-1/2


[Site "https://www.chess.com"]

[Event "Titled Tuesday Blitz June 07 Early 2022"]
[White "Hosseinzadeh, Nima"]
[Black "Samaganova, Aleksandra"]
[WhiteFideId "12505323"]
[BlackFideId "13800221"]
[WhiteElo "2066"]
[BlackElo "1864"]
[Result "0-1"]
[Round "02"]
[TimeControl "180+1"]
[Date "2022.06.08"]
[WhiteClock "0:00:08"]
[BlackClock "0:00:06"]

1. e4 c5 2. Nf3 e6 3. d4 cxd4 4. Nxd4 a6 5. Bd3 Qc7 6. O-O Nf6 7. Qe2 Bc5 8. Nb3 Be7 9. e5 Nd5 10. a3 b5 11. a4 b4 12. N1d2 Nf4 13. Qe4 Nxd3 14. Qxa8 Bb7 15. Qa7 Nf4 16. f3 Nc6 17. Qe3 Bg5 18. Qf2 Nxe5 19. Ne4 Bh6 20. Qc5 Qxc5+ 21. Nbxc5 Bc8 22. g3 Ne2+ 23. Kf2 Nxc1 24. f4 Ng4+ 25. Ke1 d5 26. Nf2 Ne3 27. Rxc1 Nxf1 28. Kxf1 Ke7 29. a5 Rd8 30. Nfd3 f6 31. Nxb4 Kd6 32. Ncxa6 Bxa6+ 33. Nxa6 Ra8 34. Nb4 Rxa5 35. Rd1 e5 36. fxe5+ fxe5 37. c4 d4 38. Ke2 Ra4 39. Nd3 Rxc4 40. Kf3 Kd5 41. Nf2 Rc2 42. b4 Kc4 43. Ne4 Rb2 44. Re1 Rb3+ 45. Kg2 Re3 46. Rxe3 Bxe3 47. Kf3 Kxb4 48. Nd6 Kc3 49. Ke4 Bg1 50. Nb5+ Kd2 51. Nc7 Bxh2 52. Kxe5 d3 53. Ke4 Ke2 54. Nd5 d2 55. Nc3+ Ke1 56. Kf3 d1=Q+ 57. Nxd1 Kxd1 58. g4 Be5 59. g5 Bc3 60. Kg4 Ke2 61. Kh5 Kf3 62. Kh4 Kf4 63. Kh5 Kf5 64. Kh4 Kg6 65. Kg4 Bd2 66. Kh3 Bxg5 67. Kg4 Bf6 68. Kh3 Kg5 69. Kg2 Kg4 70. Kh2 Be5+ 71. Kg2 g5 72. Kh1 Kh3 73. Kg1 g4 74. Kh1 g3 75. Kg1 Bd4+ 76. Kf1 g2+ 0-1


[Site "https://www.chess.com"]

[Event "Titled Tuesday Blitz June 07 Early 2022"]
[White "Janaszak, Dawid"]
[Black "Andreikin, Dmitry"]
[WhiteFideId "1119206"]
[BlackFideId "4158814"]
[WhiteElo "2199"]
[BlackElo "2736"]
[Result "0-1"]
[Round "02"]
[TimeControl "180+1"]
[Date "2022.06.07"]
[WhiteClock "0:00:18"]
[BlackClock "0:01:58"]

1. e4 c5 2. Nc3 a6 3. d4 cxd4 4. Qxd4 Nc6 5. Qd2 e6 6. b3 Nf6 7. Bb2 Bb4 8. Bd3 d5 9. exd5 exd5 10. a3 Ba5 11. b4 Bc7 12. Nge2 O-O 13. O-O d4 14. Ne4 Nxe4 15. Bxe4 Bxh2+ 16. Kxh2 Qh4+ 17. Kg1 Qxe4 18. Nxd4 Nxd4 19. Qxd4 Qg6 20. Rfe1 Bf5 21. Re3 Rfd8 22. Qe5 f6 23. Qc7 Rd7 24. Qc4+ Qf7 25. Qxf7+ Kxf7 26. c4 Rad8 27. Rae1 h5 28. f3 h4 29. c5 Kg6 30. Re7 Rd2 31. R1e2 Rxe2 32. Rxe2 Rd1+ 33. Kf2 Bd3 34. Re7 Rf1+ 35. Ke3 Re1+ 36. Kxd3 Rxe7 37. a4 Kf5 38. b5 axb5 39. axb5 Kf4 40. Kc4 Kg3 41. c6 bxc6 42. bxc6 Kxg2 43. Ba3 Rc7 44. Kd5 h3 45. Bd6 Rc8 46. c7 Kxf3 47. Kc6 g5 48. Kd7 Rxc7+ 49. Kxc7 g4 0-1


[Site "https://www.chess.com"]

[Event "Titled Tuesday Blitz June 07 Early 2022"]
[White "Kamsky, Gata"]
[Black "Djokic, Mihailo"]
[WhiteFideId "2000024"]
[BlackFideId "976440"]
[WhiteElo "2645"]
[BlackElo "2255"]
[Result "1-0"]
[Round "02"]
[TimeControl "180+1"]
[Date "2022.06.07"]
[WhiteClock "0:01:14"]
[BlackClock "0:00:04"]

1. d4 Nf6 2. Nf3 g6 3. Bg5 Bg7 4. c3 O-O 5. Nbd2 d6 6. e4 c5 7. dxc5 dxc5 8. Bc4 Qc7 9. h3 Nc6 10. O-O b6 11. Qe2 Bb7 12. Ba6 Rad8 13. Bxb7 Qxb7 14. a4 h6 15. Bf4 Kh7 16. Rfe1 Qd7 17. Qb5 Na5 18. Qxd7 Rxd7 19. Ne5 Rdd8 20. Nec4 Nh5 21. Bh2 Rd3 22. Nxa5 Rxd2 23. Nc4 Rd3 24. Red1 Rfd8 25. Rxd3 Rxd3 26. Kf1 Nf6 27. Ke2 Rd8 28. f3 h5 29. g4 hxg4 30. hxg4 Kg8 31. Ne5 Bh6 32. Rd1 Rxd1 33. Kxd1 a6 34. Nc6 Kf8 35. Nb8 a5 36. Bc7 Ke8 37. Bxb6 c4 38. Nc6 Nh7 39. Nxa5 Ng5 40. Ke2 Nh3 41. Nxc4 Nf4+ 42. Kf1 Nd3 43. a5 Kd7 44. a6 Kc6 45. b4 Bg7 46. b5+ Kd7 47. a7 1-0


[Site "https://www.chess.com"]